 Dungeon Crawl Stone Soup version 0.30.1-11-g7821555f0a (webtiles) character file.

Game seed: 7093039983622738018

14877 tf17 the Grappler (level 11, -1/113 HPs)
             Began as a Troll Fighter on July 27, 2023.
             Was a High Priest of Wu Jian.
             Slain by a cane toad (17 damage)
             ... on level 2 of the Lair of Beasts on Dec 11, 2023.
             The game lasted 01:11:14 (8360 turns).

tf17 the Grappler (Troll Fighter)                   Turns: 8360, Time: 01:11:14

Health: -1/113     AC:  9    Str: 28    XL:     11   Next: 94%
Magic:  0/10       EV: 11    Int: 10    God:    Wu Jian [*****.]
Gold:   679        SH:  9    Dex: 11    Spells: 10/10 levels left

rFire   x .          .
                       - Unarmed
rCold   . . .        b - +0 kite shield
rNeg    . . .        V - +0 steam dragon scales
rPois   +            (helmet restricted)
rElec   .            H - +0 cloak
rCorr   .            (gloves unavailable)
SInv    .            (boots unavailable)
Will    .....        W - amulet of Ciaddal {Spirit Fly rPois rF- Int+6}
Stlth   +            e - +4 ring of slaying
HPRegen 1.18/turn    (no ring)
MPRegen 0.12/turn

%: guardian spirit
@: lethally poisoned (-1 -> -6), flying, hasted, very quick
A: large, unfitting armour, claws 3, regeneration 1, shaggy fur 1, tough skin 1
a: Renounce Religion, Wall Jump, Serpent's Lash, Heavenly Storm


You were on level 2 of the Lair of Beasts.
You worshipped Wu Jian.
Wu Jian was extremely pleased with you.
You visited 2 branches of the dungeon, and saw 10 of its levels.

You collected 679 gold pieces.

Inventory:

Hand Weapons
 a - the +10 hand axe of Supply {protect, rC+}
   (You took it off an orc wizard on level 7 of the Dungeon)

   rC:        It protects you from cold.
 c - a +0 morningstar
 F - the +4 hand axe of Ytsoiten {drain, Int+5}
   (You found it on level 7 of the Dungeon)

   Int:       It affects your intelligence (+5).
 G - a +0 war axe of freezing
 X - the +8 Vampire's Tooth {megavamp}
   (You found it on level 7 of the Dungeon)
Missiles
 o - 8 poisoned darts
 v - 13 boomerangs
 w - a throwing net
 A - 5 large rocks (quivered)
 D - 2 silver boomerangs
 M - 5 curare-tipped darts
 U - 17 stones
Armour
 b - a +0 kite shield (worn)
 H - a +0 cloak (worn)
 V - +0 steam dragon scales (worn)
Jewellery
 e - a +4 ring of slaying (left claw)
 j - an amulet of reflection
 l - a ring of ice
 Q - an amulet of the acrobat
 W - the amulet of Ciaddal (around neck) {Spirit Fly rPois rF- Int+6}
   (You found it on level 7 of the Dungeon)

   [amulet of guardian spirit]

   It causes incoming damage to be divided between your reserves of health and
   magic.
   Int:       It affects your intelligence (+6).
   rF:        It makes you vulnerable to fire.
   rPois:     It protects you from poison.
   Fly:       It grants you flight.
Wands
 d - a wand of acid (12)
 z - a wand of flame (28)
 B - a wand of charming (4)
 N - a wand of polymorph (17)
 P - a wand of iceblast (12)
Scrolls
 h - a scroll of immolation
 k - 2 scrolls of magic mapping
 m - 2 scrolls of enchant armour
 n - 2 scrolls of noise {unknown}
 p - 4 scrolls of brand weapon
 r - 2 scrolls of amnesia {unknown}
 u - 4 scrolls of teleportation {unknown}
 x - 4 scrolls of fog {unknown}
 y - a scroll of fear {unknown}
 L - a scroll of poison {unknown}
 O - a scroll of enchant weapon {unknown}
 S - 3 scrolls of vulnerability {unknown}
 Z - 5 scrolls of blinking {unknown}
Potions
 f - a potion of experience {unknown}
 g - 5 potions of resistance
 i - 5 potions of curing
 q - 2 potions of cancellation {unknown}
 s - a potion of attraction {unknown}
 t - 2 potions of haste
 C - 2 potions of lignification {unknown}
 E - 3 potions of mutation
 I - a potion of magic {unknown}
 J - a potion of brilliance {unknown}
 K - a potion of berserk rage {unknown}
 R - 2 potions of ambrosia {unknown}
 T - 2 potions of invisibility {unknown}


   Skills:
 * Level 8.4 Fighting
 - Level 1.5 Maces & Flails
 - Level 5.0 Throwing
 + Level 4.1 Armour
 + Level 6.5 Dodging
 - Level 0.2 Stealth
 + Level 7.2 Shields
 * Level 11.4 Unarmed Combat


You had 10 spell levels left.
You didn't know any spells.
Your spell library contained the following spells:

 Spells                   Type           Power      Damage    Failure   Level
 Apportation              Tloc           0%         N/A       54%         1
 Magic Dart               Conj           0%         1d3       54%         1
 Blink                    Tloc           0%         N/A       69%         2
 Cigotuvi's Dreadful Rot  Necr/Pois/Air  0%         N/A       69%         2
 Lesser Beckoning         Tloc           0%         N/A       69%         2
 Momentum Strike          Conj/Tloc      0%         3d8       69%         2
 Poisonous Vapours        Pois/Air       0%         N/A       69%         2
 Searing Ray              Conj           0%         2d4       69%         2
 Ignite Poison            Fire/Tmut/Pois 0%         N/A       89%         3
 Mephitic Cloud           Conj/Pois/Air  0%         N/A       89%         3
 Ozocubu's Armour         Ice            0%         N/A       89%         3
 Dispel Undead            Necr           0%         3d6       100%        4
 Fulminant Prism          Conj/Hex       0%         3d5       100%        4
 Alistair's Intoxication  Tmut/Pois      0%         N/A       100%        5
 Freezing Cloud           Conj/Ice/Air   0%         6-21      100%        5
 Death Channel            Necr           0%         N/A       100%        6
 Ozocubu's Refrigeration  Ice            0%         4d7       100%        7


Dungeon Overview and Level Annotations

Branches:
Dungeon (8/15)             Temple (0/1) D:7            Lair (2/5) D:8
  Swamp: Lair:2-3    Shoals: Lair:2-3     Snake: Lair:2-3    Spider: Lair:2-3

Altars:
Ashenzari
Hepliaklqana
Kikubaaqudgha
Makhleb
Nemelex Xobeh
Okawaru
Qazlal
Ru
Uskayaw
Wu Jian
Xom
Zin

Shops:
D:3 !   D:7 =


Innate Abilities, Weirdness & Mutations

You are too large for most types of armour.
You have claws for hands.
Your natural rate of healing is unusually fast.
You are covered in fur. (AC +1)
You have tough skin. (AC +1)


Message History

The black mamba is heavily wounded.
You barely miss the black mamba.
The black mamba is heavily wounded.
You feel very sick. The black mamba barely misses you.
You mangle the black mamba!!
The black mamba is almost dead.
You feel very sick. The black mamba bites you. The black mamba misses you.
The water moccasin barely misses you. The black mamba bites you!
The water moccasin closely misses you.
You claw the black mamba!
You kill the black mamba!
The Council accepts your kill.
You feel sick. The black mamba barely misses you. The water moccasin bites you.
You are more poisoned.
The water moccasin poisons you! You block the black mamba's attack.
You spin and attack the water moccasin.
You closely miss the water moccasin.
You spin and attack the black mamba repeatedly.
You claw the black mamba!
The black mamba is moderately wounded.
You claw the black mamba!
The black mamba is severely wounded.
You feel very sick.
The water moccasin bites you but does no damage.
The black mamba misses you.
The water moccasin completely misses you.
The water moccasin bites you!
You feel yourself speed up.
You feel very sick. You block the black mamba's attack.
The water moccasin bites you but does no damage.
The black mamba bites you!
* * * LOW HITPOINT WARNING * * *
You block the water moccasin's attack.
The water moccasin bites you but does no damage.
The water moccasin bites you!
* * * LOW HITPOINT WARNING * * *
The cane toad stings you!!
You die...

.. ###.#####.###....##
#.# #..................
### #..................
##..................
##................... .
#P................... P
##................... .
#.SS................
#####.S@................
#.†...SSF......
.........#.........
.).#....#.........# .
#.#####........# ##
####...### ####


You could see a black mamba, a cane toad and 4 water moccasins.

Vanquished Creatures
  The ghost of Bolag the Severer, a journeyman HOMo of Beogh (Lair:1)
  A boulder beetle (D:7)
  Pikel (D:8)
  Maurice (D:8)
  Joseph (D:8)
  A cyclops (D:7)
  3 black mambas (Lair:2)
  5 cane toads
  An unseen horror (D:7)
  2 komodo dragons (Lair:1)
  Prince Ribbit (D:5)
  A troll (D:7)
  8 blink frogs (Lair:2)
  A slime creature (D:7)
  A vampire (D:7)
  11 yaks
  A wraith (D:7)
  A wyvern (Lair:1)
  3 steam dragons
  3 wargs (D:8)
  Edmund (D:4)
  3 water moccasins
  A sky beast (D:7)
  A black bear (D:6)
  4 ice beasts
  An ogre (D:7)
  5 wolves (Lair:1)
  2 centaurs
  A lemure (D:8)
  A phantom (D:7)
  9 bullfrogs
  Blork the orc (D:5)
  5 scorpions
  11 wights (D:8)
  A howler monkey (D:7)
  3 orc priests
  2 jellies
  Crazy Yiuf (D:5)
  2 hounds
  3 iguanas
  A gnoll bouda (D:6)
  3 sleepcaps
  Ijyb (D:4)
  6 orc wizards
  Robin (D:4)
  17 gnolls
  6 adders
  3 white imps
  2 worms (D:2)
  A dart slug (D:1)
  40 orcs
  4 bats
  3 endoplasms (D:4)
  3 giant cockroaches
  19 goblins
  11 hobgoblins
  9 kobolds
  5 quokkas
  8 ball pythons
  10 frilled lizards
  2 rats (D:2)
261 creatures vanquished.

Notes
Turn   | Place    | Note
-------+----------+-------------------------------------------
     0 | D:1      | tf17 the Troll Fighter began the quest for the Orb.
     0 | D:1      | Reached XP level 1. HP: 22/22 MP: 0/0
    99 | D:1      | Reached XP level 2. HP: 28/29 MP: 1/1
   794 | D:2      | Reached XP level 3. HP: 36/36 MP: 2/2
   861 | D:2      | Found a faded altar of an unknown god.
  1333 | D:3      | Found Wetec's Distillery.
  1350 | D:3      | Reached XP level 4. HP: 45/45 MP: 3/3
  1433 | D:3      | Found a sacrificial altar of Ru.
  1433 | D:3      | Found an ornate altar of the Wu Jian Council.
  1437 | D:3      | Became a worshipper of the Wu Jian Council
  1599 | D:3      | Reached skill level 3 in Unarmed Combat
  1677 | D:3      | Found an iron altar of Okawaru.
  1755 | D:3      | Found a stormy altar of Qazlal.
  1793 | D:3      | Found a shimmering altar of Xom.
  1884 | D:3      | Found a hide-covered altar of Uskayaw.
  2024 | D:3      | Found a sparkling altar of Nemelex Xobeh.
  2101 | D:4      | Reached XP level 5. HP: 46/53 MP: 4/4
  2111 | D:4      | Reached skill level 4 in Unarmed Combat
  2161 | D:4      | Found an ancient bone altar of Kikubaaqudgha.
  2196 | D:4      | Noticed Edmund
  2198 | D:4      | Noticed Ijyb
  2200 | D:4      | Killed Edmund
  2201 | D:4      | Reached XP level 6. HP: 49/61 MP: 5/5
  2229 | D:4      | Killed Ijyb
  2230 | D:4      | Reached skill level 5 in Unarmed Combat
  2303 | D:4      | Reached * piety under Wu Jian
  2361 | D:4      | Noticed Robin
  2395 | D:4      | Killed Robin
  2494 | D:4      | Reached XP level 7. HP: 63/67 MP: 6/6
  2634 | D:4      | Reached skill level 1 in Maces & Flails
  2701 | D:4      | Reached ** piety under Wu Jian
  2730 | D:5      | Entered Level 5 of the Dungeon
  2731 | D:5      | Upgraded the game from 0.30.1-3-gfc49f6343a to
                  | 0.30.1-11-g7821555f0a
  2779 | D:5      | Reached skill level 6 in Unarmed Combat
  2900 | D:5      | Found a runed translucent door.
  2901 | D:5      | Noticed Crazy Yiuf
  2909 | D:5      | Killed Crazy Yiuf
  2910 | D:5      | Reached skill level 1 in Throwing
  3051 | D:5      | Noticed Blork the orc
  3059 | D:5      | Killed Blork the orc
  3115 | D:5      | Reached XP level 8. HP: 67/78 MP: 7/7
  3201 | D:5      | Noticed Prince Ribbit
  3219 | D:5      | Killed Prince Ribbit
  3220 | D:5      | Reached skill level 7 in Unarmed Combat
  4028 | D:6      | Found a broken altar of Ashenzari.
  4101 | D:6      | Reached skill level 8 in Unarmed Combat
  4222 | D:6      | Reached skill level 5 in Shields
  4222 | D:6      | Reached XP level 9. HP: 87/87 MP: 8/8
  4353 | D:6      | Reached *** piety under Wu Jian
  4490 | D:7      | Found a glowing silver altar of Zin.
  4596 | D:7      | Reached skill level 5 in Fighting
  4641 | D:7      | Found Watrithr Nota's Jewellery Shop.
  4708 | D:7      | Found a burning altar of Makhleb.
  4999 | D:7      | Noticed a troll
  5002 | D:7      | Killed a troll
  5013 | D:7      | Identified the +10 hand axe of Supply {protect, rC+}
  5020 | D:7      | Noticed a cyclops
  5021 | D:7      | Reached skill level 9 in Unarmed Combat
  5024 | D:7      | Killed a cyclops
  5025 | D:7      | Reached skill level 5 in Dodging
  5054 | D:7      | Reached skill level 1 in Armour
  5054 | D:7      | Reached XP level 10. HP: 42/98 MP: 9/9
  5144 | D:7      | Noticed a boulder beetle
  5161 | D:7      | Killed a boulder beetle
  5204 | D:7      | Identified the +4 hand axe of Ytsoiten {drain, Int+5}
  5210 | D:7      | Found the +8 Vampire's Tooth {megavamp}
  5213 | D:7      | Identified the amulet of Ciaddal {Spirit Fly rPois rF-
                  | Int+6}
  5547 | D:7      | Found a staircase to the Ecumenical Temple.
  5640 | D:8      | Reached **** piety under Wu Jian
  5819 | D:8      | Noticed Pikel
  5838 | D:8      | Killed Pikel
  5900 | D:8      | Reached skill level 10 in Unarmed Combat
  5914 | D:8      | Noticed Maurice
  5935 | D:8      | Killed Maurice
  6051 | D:8      | Found a hazy altar of Hepliaklqana.
  6118 | D:8      | Noticed Joseph
  6144 | D:8      | Killed Joseph
  6250 | D:8      | Reached XP level 11. HP: 105/109 MP: 10/10
  6272 | D:8      | Found a staircase to the Lair.
  6479 | Lair:1   | Entered Level 1 of the Lair of Beasts
  6703 | Lair:1   | Found a runed translucent door.
  6708 | Lair:1   | Noticed Bolag's ghost (journeyman HOMo)
  6835 | Lair:1   | Reached ***** piety under Wu Jian
  7857 | Lair:1   | Killed Bolag's ghost
  7858 | Lair:1   | Reached skill level 11 in Unarmed Combat
  8349 | Lair:2   | Reached skill level 5 in Throwing
  8360 | Lair:2   | Slain by a cane toad

Illustrated notes

Levels and vault maps discovered:
D:1:      lightli_arrival_quake, layout_basic
D:2:      layout_rooms, hellmonk_ecumenical_altar_lost_god
D:3:      layout_loops_ring, mainiacjoe_overflow_alcove_2,
          mainiacjoe_overflow_two_lobes, nicolae_uskayaw_dance_hall,
          mainiacjoe_overflow_six_doors_small,
          gammafunk_temple_overflow_elements, serial_shops,
          nicolae_shop_just_a_little_nook, serial_bayou_pond_b
D:4:      layout_rooms, kiku_gazebo_pond_becter, kennysheep_nub,
          hangedman_abyss_or_decor_jellyfish_corner, uniq_ijyb, uniq_robin,
          uniq_edmund
D:5:      layout_basic, kennysheep_generic_room_7, uniq_prince_ribbit1,
          uniq_crazy_yiuf_cottage, uniq_blork_the_orc
D:6:      layout_basic, ashenzari_altar_1, serial_curves, eino_curves_01,
          eino_curves_03, sigmund_army
D:7:      layout_basic, lemuel_doored_altar, overflow_temple_1_default,
          temple_hall, serial_shops, shop, minmay_the_grid_2x2
          [minmay_the_grid_expand, minmay_the_grid_slots,
          minmay_the_grid_diamond_grid,
          minmay_the_grid_prize_four_corners_diamond_a]
D:8:      layout_loops_ring, nzn_hepliaklqana_mist_gate,
          erik_lair_orcish_takeover, uniq_joseph, uniq_maurice, uniq_pikel
Lair:1:   layout_layer_cave, hellmonk_ghost_happy_afterlife, grunt_megastairs_5,
          serial_bayou_shore_a
Lair:2:   layout_gridlike, minmay_snake_entry_six_corridors

Skill      XL: |  1  2  3  4  5  6  7  8  9 10 11 |
---------------+----------------------------------+-----
Shields        | 3 4 5 6 7 |  7.2
Fighting       | 3 4 6 7 8 |  8.4
Unarmed Combat | 3 4 5 6 8 9 10 11 | 11.4
Dodging        | 3 4 5 6 |  6.5
Maces & Flails | 1 |  1.5
Throwing       | 1 3 5 |  5.0
Armour         | 1 3 4 |  4.1
Stealth        | |  0.2

Action                     |  1- 3 |  4- 6 |  7- 9 | 10-12 || total
---------------------------+-------+-------+-------+-------++-------
  Melee: Unarmed           |    87 |   117 |   198 |   302 ||   704
         Hand axe          |       |       |       |    13 ||    13
  Throw: Stone             |       |    45 |    27 |       ||    72
         Dart              |       |       |    15 |     2 ||    17
         Large rock        |       |       |       |    15 ||    15
Ability: Lunge             |       |    10 |    20 |    16 ||    46
         Whirlwind         |       |       |       |     7 ||     7
  Evoke: Wand              |       |       |     5 |     2 ||     7
    Use: Potion            |     1 |       |     5 |     1 ||     7
         Scroll            |       |       |     6 |     3 ||     9
   Stab: Sleeping          |     1 |       |     2 |     1 ||     4
 Armour: Robe              |    20 |     8 |    19 |       ||    47
         Steam dragon scal |       |       |    10 |    53 ||    63
  Dodge: Dodged            |    28 |    20 |    63 |    98 ||   209
  Block: Kite shield       |    45 |    47 |   100 |   129 ||   321
         Reflection        |       |     2 |     4 |     2 ||     8
